 Dungeon Crawl Stone Soup version 0.20-a0-1089-g3fde505 (webtiles) character file.

1577 JeffiDaFish the Shield-Bearer (level 8, -5/50 HPs)
             Began as a Gargoyle Fighter on May 2, 2017.
             Was a Priest of Okawaru.
             Slain by a seven-headed hydra (11 damage)
             ... on level 8 of the Dungeon.
             The game lasted 00:12:57 (6111 turns).

JeffiDaFish the Shield-Bearer (Gargoyle Fighter)    Turns: 6111, Time: 00:12:58

Health: -5/50      AC: 19    Str: 20    XL:     8   Next: 91%
Magic:  8/8        EV:  7    Int:  9    God:    Okawaru [***...]
Gold:   268        SH: 15    Dex: 11    Spells: 7/7 levels left

rFire    + . .     SeeInvis .   c - +1 morningstar (drain)
rCold    . . .     Gourm    .   u - +0 large shield
rNeg     + . .     Faith    .   b - +0 scale mail
rPois    ∞         Spirit   .   e - +2 helmet
rElec    +         Reflect  .   q - +1 cloak
rCorr    .         Harm     .   n - +0 pair of gloves
MR       .....                  (no boots)
Stlth    +.........             (no amulet)
Regen    0.2/turn               h - ring of stealth
MPRegen  0.2/turn               v - ring of protection from fire

@: about to teleport
A: negative energy resistance 1, electricity resistance, unbreathing,
petrification resistance, rot immunity, AC +5
a: Heroism, Renounce Religion


You were on level 8 of the Dungeon.
You worshipped Okawaru.
Okawaru was most pleased with you.
You were hungry.

You visited 1 branch of the dungeon, and saw 8 of its levels.
You also visited: Sewer.

You collected 268 gold pieces.

Inventory:

Hand Weapons
 c - a +1 morningstar of draining (weapon)
Armour
 b - a +0 scale mail (worn)
 e - a +2 helmet (worn)
 n - a +0 pair of gloves (worn)
 q - a +1 cloak (worn)
 u - a +0 large shield (worn)
Jewellery
 h - a ring of stealth (left hand)
 v - a ring of protection from fire (right hand)
Scrolls
 d - 2 scrolls of fear
 i - 2 scrolls of identify
 m - 2 scrolls of remove curse
 o - 9 scrolls of teleportation
 p - 3 scrolls of magic mapping
Potions
 g - a potion of might
 j - 3 potions of curing
 r - 5 potions of flight
 t - a potion of heal wounds
Comestibles
 a - 3 chunks of flesh
 f - 4 bread rations
 k - 6 fruits
 l - 5 royal jellies
 s - 3 meat rations


   Skills:
 + Level 5.4 Fighting
 + Level 6.6 Maces & Flails
 + Level 5.7 Armour
 + Level 2.5 Dodging
 + Level 1.2 Stealth
 + Level 6.8 Shields


You had 7 spell levels left.
You didn't know any spells.

Dungeon Overview and Level Annotations

Branches:
Dungeon (8/15)             Temple (0/1) D:7
   Lair: D:8-11

Altars:
Ashenzari
Dithmenos
Elyvilon
Makhleb
Nemelex Xobeh
Okawaru
Ru
Trog
Vehumet
Wu Jian
Yredelemnul
The Shining One

Annotations:
D:4 1 runed door


Innate Abilities, Weirdness & Mutations

You are resistant to torment.
Your stone body is resilient. (AC +5)
You are immune to poison.
You resist negative energy. (rN+)
You are resistant to electric shocks. (rElec)
You can survive without breathing.
You are immune to petrification.
You are immune to rotting.


Message History

The seven-headed hydra bites you. The seven-headed hydra bites you!
* * * LOW HITPOINT WARNING * * *
You block the seven-headed hydra's attack.
The seven-headed hydra bites you but does no damage.
The seven-headed hydra bites you.
* * * LOW HITPOINT WARNING * * *
The phantom hits you but does no damage.
You feel much better.
You block the seven-headed hydra's attack.
The seven-headed hydra bites you. The seven-headed hydra bites you!
* * * LOW HITPOINT WARNING * * *
You block the seven-headed hydra's attack.
The seven-headed hydra closely misses you.
The seven-headed hydra bites you but does no damage.
The seven-headed hydra bites you!
* * * LOW HITPOINT WARNING * * *
The phantom blinks!
As you read the scroll of teleportation, it crumbles to dust.
You feel strangely unstable. The seven-headed hydra bites you!
You die...

### ..## ..#
#§# ###@#
#lD.# #o### o
##Z#
.o..#o<#####
#...o.....#
#..........#
#...........#
#........<..#


You could see a seven-headed hydra, an orc priest, an orc wizard, an orc, a
worker ant zombie and a leopard gecko.

Vanquished Creatures
  Edmund (D:4)
  Duvessa (D:5)
  Purgy (Sewer)
  A sky beast (D:6)
  An ogre (D:7)
  2 big kobolds (D:6)
  The ghost of holmedog the Covert, an amateur SpAs of Nemelex Xobeh (D:3)
  2 bullfrogs (D:6)
  Dowan (D:5)
  A bullfrog zombie (D:7)
  A crimson imp (D:4)
  3 jellies
  2 hounds
  3 orc wizards
  Jessica (D:2)
  An iguana (D:4)
  4 worker ants
  A hound zombie (D:5)
  2 hound skeletons
  A worker ant zombie (D:6)
  A river rat (D:6)
  10 adders
  2 oozes
  An adder zombie (D:6)
  2 adder skeletons (D:4)
  2 worms
  A dart slug (D:4)
  4 leopard geckos
  18 orcs
  7 bats
  2 giant cockroaches
  4 goblins (D:1)
  9 hobgoblins
  13 jackals
  15 kobolds
  A quokka (D:3)
  5 ball pythons
  7 frilled lizards
  A jackal skeleton (D:6)
  A leopard gecko zombie (D:6)
  A quokka zombie (D:5)
  13 rats
151 creatures vanquished.

Notes
Turn   | Place    | Note
-------+----------+-------------------------------------------
     0 | D:1      | JeffiDaFish the Gargoyle Fighter began the quest for the Orb.
     0 | D:1      | Reached XP level 1. HP: 14/14 MP: 1/1
   114 | D:1      | Reached XP level 2. HP: 19/19 MP: 2/2
   466 | D:1      | Reached XP level 3. HP: 23/23 MP: 3/3
   793 | D:2      | Found a shadowy altar of Dithmenos.
   876 | D:2      | Noticed Jessica
   882 | D:2      | Killed Jessica
   882 | D:2      | Reached XP level 4. HP: 28/29 MP: 4/4
  1440 | D:3      | Noticed holmedog's ghost (amateur SpAs)
  1487 | D:3      | Killed holmedog's ghost
  1487 | D:3      | Reached XP level 5. HP: 17/33 MP: 5/5
  1702 | D:3      | Found an iron altar of Okawaru.
  1709 | D:3      | Became a worshipper of Warmaster Okawaru
  2199 | D:4      | Found a bloodstained altar of Trog.
  2199 | D:4      | Found a sparkling altar of Nemelex Xobeh.
  2252 | D:4      | Found a white marble altar of Elyvilon.
  2374 | D:4      | Found a shattered altar of Ashenzari.
  2428 | D:4      | Reached XP level 6. HP: 35/38 MP: 6/6
  2494 | D:4      | Reached skill level 1 in Dodging
  2517 | D:4      | Noticed Edmund
  2542 | D:4      | Killed Edmund
  2542 | D:4      | Reached skill level 5 in Shields
  2678 | D:4      | Reached * piety under Okawaru
  2771 | D:4      | Found a glowing golden altar of the Shining One.
  2771 | D:4      | Noticed an angel
  2772 | D:4      | Found a runed door.
  2972 | D:4      | Found a burning altar of Makhleb.
  2973 | D:4      | Found a radiant altar of Vehumet.
  2995 | D:4      | Reached XP level 7. HP: 25/44 MP: 7/7
  3166 | D:4      | Found a basalt altar of Yredelemnul.
  3215 | D:5      | Entered Level 5 of the Dungeon
  3658 | D:5      | Noticed Duvessa
  3659 | D:5      | Noticed Dowan
  3683 | D:5      | Killed Duvessa
  3683 | D:5      | Reached skill level 5 in Maces & Flails
  3683 | D:5      | Reached skill level 5 in Armour
  3752 | D:5      | Killed Dowan
  3752 | D:5      | Reached skill level 1 in Stealth
  4103 | D:5      | Reached ** piety under Okawaru
  4516 | D:6      | Found a sacrificial altar of Ru.
  4522 | D:6      | Reached XP level 8. HP: 48/48 MP: 8/8
  4753 | D:6      | Reached skill level 5 in Fighting
  4934 | D:6      | Found a glowing drain.
  4950 | Sewer    | Entered a sewer
  5012 | Sewer    | Noticed Purgy
  5025 | Sewer    | Killed Purgy
  5465 | D:6      | Reached *** piety under Okawaru
  5558 | D:7      | Found a shadowy altar of Dithmenos.
  5562 | D:7      | Found an ornate altar of the Wu Jian Council.
  6023 | D:7      | Found a staircase to the Ecumenical Temple.
  6095 | D:8      | Noticed a seven-headed hydra
  6111 | D:8      | Slain by a seven-headed hydra

Vault maps used:
D:1:      dpeg_arrival_long_road, minivault_4
D:2:      nicolae_dithmenos_through_a_glass_darkly, uniq_jessica
D:3:      okawaru_trees_1
D:4:      grunt_temple_overflow_lords_of_destruction, kennysheep_ying_yang,
          nicolae_ashenzari_panopticon,
          chequers_temple_overflow_statue_of_worship, first_bread,
          lemuel_angel_altar, uniq_edmund
D:5:      uniq_duvessa
D:6:      cheibrodos_thug_alley, portal_sewer_entry_e, nicolae_ru_awakened_eye
D:7:      grunt_temple_overflow_open, minmay_temple_entry_glassed_door
D:8:      lair_entry_dummy, serial_shops, shop, uniq_pikel
Sewer:    sewer_co_purgy_island

Skill      XL: |  1  2  3  4  5  6  7  8 |
---------------+-------------------------+-----
Shields        | 4 5 6 |  6.8
Maces & Flails | 3 4 5 6 |  6.6
Armour         | 4 5 |  5.7
Dodging        | 1 2 |  2.5
Fighting       | 4 5 |  5.4
Stealth        | 1 |  1.2

Action                   |  1- 3 |  4- 6 |  7- 9 || total
-------------------------+-------+-------+-------++-------
Melee: Flail             |   109 |   244 |   209 ||   562
       Morningstar       |       |       |   197 ||   197
  Use: Scroll            |     5 |     4 |     6 ||    15
       Potion            |       |     6 |     4 ||    10
  Eat: Chunk             |       |     7 |    11 ||    18
Armor: Scale mail        |    46 |   107 |   270 ||   423
Dodge: Dodged            |    31 |    76 |   118 ||   225
Block: Shield            |    60 |   124 |    95 ||   279
       Large shield      |       |       |   237 ||   237
